AoeStats
← fat_dgk

Fortress

508357298Analyzed
4v4 RM · 10d ago on Sep 22, 2026· 43m 20s· 8 players
Game mode
Random Map
Map size
Huge
Population
200
Speed
Normal
Resources
Standard
Victory
Conquest
Starting age
Dark Age
Ending age
Imperial Age
RankedLock teamsTeams togetherTeam positionsShared explorationLock speedFull tech treeHidden civsTurbo modeCheats
Victory
Defeat
🇨🇳 Magyars · China
1278
+13
🇨🇳 Turks · China
1193
+17
🇺🇸 Goths · United States
1135
+20
🇨🇦 Koreans · Canada
1135
+19
🇺🇸 Portuguese · United States
1227
-18
🇪🇨 Italians · Ecuador
1227
-18
🇺🇸 Sicilians · United States
1205
-17
🇨🇱 Poles · Chile
1178
-16
Party Cannon
9:27 Feudal Age
10:11 Horse Collar
10:16 Double-Bit Axe
10:38 Loom
13:20 Castle Age
12:07 Gold Mining
13:27 Wheelbarrow
15:32 Bow Saw
22:11 Heavy Plow
24:32 Bloodlines
24:23 Husbandry
25:27 Hand Cart
25:46 First Crusade
25:29 Scale Mail Armor
25:40 Forging
25:56 Town Watch
29:06 Imperial Age
27:11 Chain Mail Armor
27:45 Iron Casting
28:11 Fletching
28:49 Scale Barding Armor
29:28 Arson
29:43 Squires
30:19 Plate Mail Armor
30:33 Gold Shaft Mining
30:39 Crop Rotation
29:45 Cavalier
30:54 Hauberk
31:10 Conscription
31:23 Chain Barding Armor
32:26 Blast Furnace
33:43 Plate Barding Armor
32:56 Pikeman
33:59 Halberdier
34:29 Man-at-Arms
37:05 Capped Ram
39:04 Gambesons
40:11 Siege Ram
41:08 Caravan
42:50 Light Cavalry
PuneMahaWarrior
6:46 Feudal Age
10:42 Castle Age
9:07 Double-Bit Axe
9:46 Horse Collar
11:38 Bow Saw
16:54 Loom
20:01 Wheelbarrow
20:27 Heavy Plow
21:42 Hand Cart
21:12 Town Watch
25:57 Imperial Age
25:08 Fletching
27:45 Chemistry
27:15 Conscription
26:57 Arquebus
27:03 Bodkin Arrow
28:02 Bracer
30:37 Ballistics
30:25 Siege Engineers
33:08 Bombard Tower
42:24 Scale Barding Armor
43:20 Husbandry
43:30 Bloodlines
42:41 Cavalier
fat_dgk
9:52 Feudal Age
10:35 Horse Collar
10:49 Double-Bit Axe
13:40 Castle Age
14:20 Bloodlines
14:18 Scale Barding Armor
14:42 Heavy Plow
16:02 Forging
16:03 Gold Mining
16:41 Husbandry
20:39 Wheelbarrow
20:27 Szlachta Privileges
24:07 Loom
25:32 Chain Barding Armor
26:34 Fletching
27:20 Iron Casting
34:12 Imperial Age
33:12 Scale Mail Armor
33:45 Light Cavalry
34:43 Chain Mail Armor
34:31 Squires
34:16 Arson
34:23 Capped Ram
35:03 Elite Obuch
36:31 Conscription
38:14 Winged Hussar
40:28 Blast Furnace
41:35 Lechitic Legacy
Santiawhy
2:29 Loom
6:28 Feudal Age
10:40 Castle Age
9:07 Man-at-Arms
9:59 Double-Bit Axe
16:20 Squires
20:11 Wheelbarrow
21:06 Hand Cart
26:22 Bow Saw
27:56 Stone Mining
27:57 Gold Mining
28:35 Horse Collar
32:31 Imperial Age
30:04 Fletching
30:39 Bodkin Arrow
30:36 Town Watch
31:50 Ballistics
32:02 Thumb Ring
32:12 Padded Archer Armor
32:24 Heavy Plow
32:38 Elite Genoese Crossbowman
33:46 Arson
34:07 Scale Mail Armor
35:15 Crop Rotation
36:00 Two-Man Saw
35:36 Conscription
36:47 Chemistry
36:45 Chain Mail Armor
37:28 Caravan
41:04 Plate Mail Armor
43:45 Forging
43:37 Bracer
Zangytangy
7:08 Feudal Age
7:43 Double-Bit Axe
10:36 Horse Collar
13:16 Castle Age
13:07 Scale Mail Armor
13:18 Forging
14:52 Bow Saw
16:42 Squires
21:54 Heavy Plow
24:02 Pikeman
24:45 Anarchy
29:26 Imperial Age
29:05 Chain Mail Armor
30:41 Wheelbarrow
30:11 Town Watch
31:01 Wheelbarrow
30:13 Loom
29:52 Halberdier
30:58 Conscription
31:22 Perfusion
32:39 Elite Huskarl
34:38 Two-Man Saw
36:22 Crop Rotation
39:58 Iron Casting
S.enpaii
7:38 Feudal Age
11:23 Castle Age
9:58 Double-Bit Axe
13:26 Horse Collar
14:27 Bow Saw
15:17 Heavy Plow
16:06 Loom
23:35 Wheelbarrow
23:30 Stone Mining
24:31 Fletching
25:47 Hand Cart
28:53 Imperial Age
26:50 Scale Mail Armor
27:54 Chain Mail Armor
27:31 Gambesons
27:47 Squires
28:08 Forging
29:40 Gold Mining
31:20 Two-Man Saw
30:48 Conscription
31:21 Siege Engineers
31:27 Heavy Rocket Cart
33:16 Chemistry
34:42 Shinkichon
42:35 Town Watch
43:42 Caravan
Sunny
7:49 Feudal Age
11:35 Castle Age
9:32 Double-Bit Axe
14:23 Horse Collar
19:58 Bow Saw
21:27 Wheelbarrow
21:07 Loom
21:18 Stone Mining
21:19 Gold Mining
21:28 Treadmill Crane
28:32 Imperial Age
26:22 Fortified Wall
28:00 Masonry
29:37 Padded Archer Armor
30:58 Leather Archer Armor
32:43 Conscription
36:05 Two-Man Saw
35:00 Elite Janissary
36:32 Ring Archer Armor
35:52 Fletching
36:45 Parthian Tactics
39:43 Thumb Ring
40:57 Bombard Tower
40:57 Ballistics
41:08 Architecture
40:34 Murder Holes
40:25 Arrowslits
41:17 Husbandry
41:28 Bloodlines
41:27 Scale Barding Armor
41:33 Forging
41:18 Bodkin Arrow
43:22 Guard Tower
43:50 Bracer
44:12 Chain Barding Armor
44:29 Iron Casting
淡漠秋风
7:39 Feudal Age
11:30 Castle Age
10:24 Double-Bit Axe
10:40 Horse Collar
14:06 Wheelbarrow
14:56 Man-at-Arms
17:41 Bow Saw
18:24 Heavy Plow
19:23 Loom
19:48 Gold Mining
20:42 Scale Barding Armor
21:46 Hand Cart
23:24 Gold Shaft Mining
23:17 Chain Barding Armor
23:42 Chain Barding Armor
27:01 Imperial Age
24:54 Chain Barding Armor
24:51 Fletching
25:31 Husbandry
25:42 Bloodlines
26:27 Stone Mining
27:37 Cavalier
28:55 Plate Barding Armor
29:43 Conscription
30:19 Paladin
31:55 Bodkin Arrow
35:38 Scale Mail Armor
36:34 Chain Mail Armor
36:14 Light Cavalry
36:27 Pikeman
38:26 Two-Man Saw
37:42 Halberdier
43:17 Caravan
Connection lost

Rejoining the realm…

Still unreachable

The connection could not be restored.

Session expired

The server has moved on; the page needs a fresh start.